 Dungeon Crawl Stone Soup version 0.13.1-27-ga479965 (webtiles) character file.

31006 tkappleton the Severer (level 13, 0/111 HPs)
             Began as a Minotaur Berserker on Feb 10, 2014.
             Was a High Priest of Trog.
             Slain by a seven-headed hydra (5 damage)
             ... on Level 8 of the Lair of Beasts.
             The game lasted 02:42:57 (27151 turns).

tkappleton the Severer (Minotaur Berserker)        Turns: 27151, Time: 02:42:57

HP   0/111       AC 11     Str 23      XL: 13   Next: 18%
MP   1/1         EV  9     Int  5      God: Trog [*****.]
Gold 923         SH  0     Dex 13      Spells:  0 memorised, 12 levels left

Res.Fire  : . . .   See Invis. : .   a - +0,+9 executioner's axe (antimagic)
Res.Cold  : . . .   Warding    : .   H - +0 scale mail
Life Prot.: . . .   Conserve   : +   (no shield)
Res.Poison: .       Res.Corr.  : +   (helmet restricted)
Res.Elec. : .       Clarity    : +   E - +2 cloak {rCorr, Cons}
Sust.Abil.: . .     Spirit.Shd : .   (no gloves)
Res.Mut.  : .       Stasis     : .   (no boots)
Res.Rott. : .       Flight     : .   (no amulet)
Saprovore : . . .                    (no ring)
                                     (no ring)

@: regenerating, mildly poisoned, very resistant to hostile enchantments,
extremely unstealthy
A: retaliatory headbutt, horns 2, clarity, mutation resistance 1, AC +2
a: Burn Spellbooks, Berserk, Trog's Hand, Brothers in Arms, Renounce Religion


You were on level 8 of the Lair of Beasts.
You worshipped Trog.
Trog was extremely pleased with you.
You were near starving.

You visited 3 branches of the dungeon, and saw 19 of its levels.

You collected 903 gold pieces.

Inventory:

Hand weapons
 a - a +0,+9 anti-magic executioner's axe (weapon)
 b - a +0,+0 crossbow
 n - a +0,+3 orcish flail of holy wrath
 x - a +2,+0 bow of velocity
 D - a +2,+1 orcish battleaxe
 N - a +0,+0 battleaxe
 P - a +2,+4 anti-magic battleaxe
Missiles
 g - 12 bolts of penetration
 j - 3 arrows of flame
 k - 56 stones
 t - 43 darts (quivered)
 B - a bolt of frost
 G - 13 poisoned arrows
 O - 26 arrows
Armour
 d - the +3 robe of Lyisaqil {rElec}
   (You found it on level 3 of the Lair of Beasts)

   It insulates you from electricity.
 E - a +2 cloak of preservation (worn)
 H - a +0 scale mail (worn)
Magical devices
 u - a wand of paralysis (12) {unknown}
 y - a wand of slowing (12) {unknown}
 I - a wand of confusion (11)
 J - a wand of digging (7) {unknown}
Comestibles
 c - 7 bread rations
 p - a meat ration
Scrolls
 e - a scroll of summoning
 f - 4 scrolls of remove curse
 l - 5 scrolls of teleportation
 m - 2 scrolls of curse jewellery {unknown}
 o - 2 scrolls of enchant weapon I
 q - 8 scrolls of identify
 s - a scroll of fear
 z - a scroll of fog
 M - a scroll of enchant weapon III {unknown}
Jewellery
 v - the amulet "Zopoew" {Stasis MR++, unknown}
   (You found it on level 3 of the Lair of Beasts)

   [amulet of stasis]

   It affects your resistance to hostile enchantments.
 w - an uncursed amulet of resist mutation {unknown}
 F - an uncursed amulet of stasis {unknown}
 L - an uncursed amulet of resist corrosion {unknown}
 Z - an uncursed ring of teleportation
Potions
 h - a potion of invisibility
 i - a potion of speed
 A - a potion of curing
 C - a potion of restore abilities
 K - 3 potions of might
 Q - a potion of confusion {unknown}


   Skills:
 - Level 10.7 Fighting
 - Level 17.1 Axes
 + Level 9.2 Bows
 + Level 9.4 Crossbows
 + Level 8.6 Throwing
 - Level 2.4 Armour
 - Level 2.1 Dodging


You had 12 spell levels left.
You didn't know any spells.

Dungeon Overview and Level Annotations

Branches:
Dungeon (10/27)            Temple (1/1) D:5             Orc (0/4) D:6
   Lair (8/8) D:9          Shoals (0/5) Lair:3       Spider (0/5) Lair:6
  Slime (0/6) Lair:7

Altars:
Ashenzari
Cheibriados
Elyvilon
Fedhas
Kikubaaqudgha
Makhleb
Nemelex Xobeh
Okawaru
Sif Muna
Trog
Vehumet
Xom
Yredelemnul
Zin
the Shining One
Jiyva

Shops:
D:9 (


Innate Abilities, Weirdness & Mutations

You reflexively headbutt those who attack you in melee.
You have a pair of horns on your head.
You are partially covered in slimy green scales (AC +2).
You possess an exceptional clarity of mind.
You are somewhat resistant to further mutation.


Message History

The seven-headed hydra bites you!
* * * LOW HITPOINT WARNING * * *
The seven-headed hydra bites you.
* * * LOW HITPOINT WARNING * * *
The seven-headed hydra bites you!
* * * LOW HITPOINT WARNING * * *
The seven-headed hydra bites you.
* * * LOW HITPOINT WARNING * * *
Use which ability? (? or * to list)
You fail to use your ability.
The seven-headed hydra closely misses you.
The seven-headed hydra bites you!
* * * LOW HITPOINT WARNING * * *
The seven-headed hydra completely misses you.
The seven-headed hydra bites you.
* * * LOW HITPOINT WARNING * * *
The seven-headed hydra barely misses you.
The seven-headed hydra closely misses you.
The seven-headed hydra bites you.
You die...

###......%..#....# ##..
#..(............# ##.
##..(........P..## #..
#......(...#.....#####..
##...........#..#..PP.#.
#..........P(......P...
###(....%.........(PPP.
#..#..P...#.(.....P.P
#.##@#PP.#...#...PP..
#####D...............
#.#...#..f........ ###
###...............
#.#####......f........
##.##Pf.PPP..P.......#
###..#ff...P...........
##.....f................
#......f.....)...<......


You could see a seven-headed hydra.

Vanquished Creatures
  2 hydras
  A griffon (Lair:5)
  4 elephants (Lair:6)
  10 black mambas
  9 spiny frogs
  A demonic crawler (Lair:6)
  2 fire drakes
  6 komodo dragons
  15 blink frogs
  A basilisk (Lair:5)
  2 elephant slugs
  19 yaks
  The ghost of advil the Covered, an average MiFi (D:3)
  Eustachio (D:8)
  A wyvern (D:9)
  4 hippogriffs
  A rock worm (Lair:7)
  6 necrophages (Lair:6)
  16 porcupines
  6 wolves (Lair:6)
  An ice beast (D:8)
  2 orc warriors
  3 sky beasts
  An ogre (D:5)
  A black bear (D:7)
  A yellow wasp (D:9)
  A giant goldfish (Lair:3)
  A boring beetle (Lair:6)
  A phantom (D:5)
  A big kobold (D:9)
  4 centaurs
  14 crocodiles
  12 giant frogs
  4 giant slugs
  A brain worm (Lair:8)
  A gnoll sergeant (D:7)
  7 agate snails
  14 water moccasins
  An eye of draining (D:9)
  A jellyfish (Lair:5)
  4 killer bees (D:8)
  2 goliath beetles (Lair:6)
  2 electric eels (Lair:5)
  A centaur zombie (D:7)
  A quasit (D:8)
  2 big fish (Lair:5)
  2 jellies
  A centaur skeleton (D:7)
  3 crimson imps
  6 orc priests
  Crazy Yiuf (D:2)
  A giant frog skeleton (D:6)
  4 hounds
  4 orc wizards
  4 iguanas
  2 scorpions
  9 worker ants
  16 sheep
  A hound skeleton (D:4)
  A mummy (D:8)
  22 adders
  12 gnolls
  A shadow imp (D:8)
  4 giant centipedes
  18 green rats
  8 worms
  4 giant mites
  An ufetubus (D:8)
  An adder zombie (D:6)
  A scorpion zombie (D:6)
  A grey rat (D:8)
  An iguana skeleton (D:8)
  2 giant eyeballs
  An ooze (D:1)
  16 orcs
  2 ball pythons
  A bat skeleton (D:4)
  A bat zombie (D:7)
  4 giant cockroaches
  13 goblins
  7 hobgoblins
  15 jackals
  16 quokkas
  23 bats
  8 giant geckos
  7 giant newts
  A goblin skeleton (D:4)
  A hobgoblin skeleton (D:6)
  A hobgoblin zombie (D:8)
  A jackal skeleton (D:4)
  14 kobolds
  A kobold zombie (D:8)
  2 orc zombies (D:8)
  A quokka skeleton (D:4)
  A quokka zombie (D:9)
  22 rats
  5 fungi
  4 plants
491 creatures vanquished.

Vanquished Creatures (collateral kills)
  A griffon (Lair:8)
  2 elephants (Lair:6)
  A black mamba (Lair:6)
  2 fire drakes
  2 boulder beetles
  2 blink frogs (Lair:2)
  4 yaks (Lair:6)
  A merfolk (Lair:3)
  A centaur (D:7)
  A jellyfish (Lair:3)
  An electric eel (Lair:3)
  A hound (Lair:1)
  An iguana (Lair:1)
  3 sheep (Lair:6)
  A green rat (Lair:1)
  A giant gecko (Lair:1)
  3 jackals (Lair:2)
28 creatures vanquished.

Vanquished Creatures (others)
  5 ogres
  A giant frog (D:6)
  A hound (D:6)
  A fungus (Lair:4)
8 creatures vanquished.

Grand Total: 527 creatures vanquished

Notes
Turn   | Place    | Note
--------------------------------------------------------------
     0 | D:1      | tkappleton, the Minotaur Berserker, began the quest for the Orb.
     0 | D:1      | Reached XP level 1. HP: 19/19 MP: 0/0
   388 | D:1      | Reached skill level 4 in Axes
   449 | D:1      | Reached XP level 2. HP: 19/26 MP: 0/0
  1283 | D:1      | Reached skill level 5 in Axes
  1283 | D:1      | Reached XP level 3. HP: 31/33 MP: 1/1
  1601 | D:2      | Acquired Trog's second power
  1762 | D:2      | Found a deep blue altar of Sif Muna.
  1971 | D:2      | Noticed Crazy Yiuf
  1980 | D:2      | Killed Crazy Yiuf
  1980 | D:2      | Reached skill level 6 in Axes
  1980 | D:2      | Reached XP level 4. HP: 39/39 MP: 1/1
  2277 | D:3      | Identified a +2 cloak of preservation (You took it off Crazy Yiuf on level 2 of the Dungeon)
  2545 | D:3      | Noticed advil's ghost (average MiFi)
  2563 | D:3      | Killed advil's ghost
  2563 | D:3      | Reached skill level 7 in Axes
  2563 | D:3      | Reached XP level 5. HP: 18/46 MP: 1/1
  2825 | D:3      | Reached skill level 8 in Axes
  2861 | D:3      | Reached XP level 6. HP: 23/52 MP: 2/2
  3111 | D:3      | Found a glowing silver altar of Zin.
  3766 | D:3      | Reached skill level 9 in Axes
  4411 | D:4      | Reached XP level 7. HP: 41/59 MP: 2/2
  4415 | D:4      | Acquired Trog's third power
  4629 | D:4      | Paralysed by a giant eyeball for 2 turns
  4920 | D:5      | Entered Level 5 of the Dungeon
  5357 | D:5      | Found a staircase to the Ecumenical Temple.
  5361 | D:5      | Noticed a wraith
  5369 | Temple   | Entered the Ecumenical Temple
  5605 | D:5      | Reached skill level 5 in Fighting
  6601 | D:6      | Reached XP level 8. HP: 70/70 MP: 2/2
  6851 | D:6      | Found a staircase to the Orcish Mines.
  7141 | D:6      | Found a sparkling altar of Nemelex Xobeh.
  7141 | D:6      | Found a shimmering altar of Xom.
  8160 | D:7      | Reached skill level 10 in Fighting
  8783 | D:7      | Found a white marble altar of Elyvilon.
  8908 | D:7      | Found a burning altar of Makhleb.
  8915 | D:7      | Reached skill level 10 in Axes
  9183 | D:8      | Reached XP level 9. HP: 81/81 MP: 3/3
  9366 | D:8      | Found a snail-covered altar of Cheibriados.
  9404 | D:8      | Found an ancient bone altar of Kikubaaqudgha.
  9404 | D:8      | Noticed Eustachio
  9497 | D:8      | Killed Eustachio
  9497 | D:8      | Reached skill level 11 in Axes
 10469 | D:8      | Reached skill level 12 in Axes
 10591 | D:9      | Found a staircase to the Lair.
 10796 | D:9      | Found a bloodstained altar of Trog.
 11160 | D:9      | Found Gruy's Weapon Emporium.
 11171 | D:9      | Received a gift from Trog
 11485 | D:10     | Entered Level 10 of the Dungeon
 11493 | D:9      | Reached skill level 13 in Axes
 12307 | D:9      | Gained mutation: You are somewhat resistant to further mutation. [potion of mutation]
 12549 | Lair:1   | Entered Level 1 of the Lair of Beasts
 12906 | Lair:1   | Noticed a spiny frog
 12917 | Lair:1   | Killed a spiny frog
 12917 | Lair:1   | Reached XP level 10. HP: 67/89 MP: 1/3
 13023 | Lair:1   | Noticed a spiny frog
 13031 | Lair:1   | Killed a spiny frog
 13031 | Lair:1   | Reached skill level 14 in Axes
 13925 | Lair:2   | Reached skill level 15 in Axes
 14584 | Lair:2   | Noticed a black mamba
 14592 | Lair:2   | Killed a black mamba
 14592 | Lair:2   | Reached skill level 16 in Axes
 15105 | Lair:2   | Reached skill level 1 in Crossbows
 15105 | Lair:2   | Reached skill level 1 in Throwing
 15108 | Lair:2   | Reached skill level 1 in Bows
 15108 | Lair:2   | Reached XP level 11. HP: 80/95 MP: 1/3
 16518 | Lair:3   | Found a staircase to the Shoals.
 16906 | Lair:3   | Noticed a death yak
 16930 | Lair:3   | Got a smoking robe
 17728 | Lair:3   | Got a sparkling diamond amulet
 18082 | Lair:4   | Identified the cursed +3 robe of Lyisaqil {rElec} (You found it on level 3 of the Lair of Beasts)
 18573 | Lair:4   | Gained mutation: Your muscles are strong. (Str +2) [potion of mutation]
 18573 | Lair:4   | Gained mutation: You possess an exceptional clarity of mind. [potion of mutation]
 19423 | Lair:4   | Reached skill level 17 in Axes
 19778 | Lair:4   | Reached skill level 5 in Crossbows
 20497 | Lair:5   | Reached skill level 5 in Bows
 20874 | Lair:5   | Reached skill level 5 in Throwing
 21459 | Lair:5   | Reached XP level 12. HP: 79/104 MP: 1/4
 22749 | Lair:6   | Lost mutation: Your muscles are strong. (Str +2) [potion of mutation]
 22749 | Lair:6   | Gained mutation: You are partially covered in slimy green scales (AC +2). [potion of mutation]
 23094 | Lair:6   | Received a gift from Trog
 23183 | Lair:6   | Found a hole to the Spider Nest.
 23315 | Lair:6   | Noticed a four-headed hydra
 23324 | Lair:6   | Killed an eight-headed hydra
 24171 | Lair:6   | HP: 4/104 [spiny frog (15)]
 24842 | Lair:7   | Noticed a five-headed hydra
 24850 | Lair:7   | Killed a six-headed hydra
 25587 | Lair:7   | Reached XP level 13. HP: 57/111 MP: 1/4
 25839 | Lair:7   | Found a staircase to the Slime Pits.
 25843 | Lair:7   | Found a viscous altar of Jiyva.
 26004 | Lair:8   | Entered Level 8 of the Lair of Beasts
 26391 | Lair:8   | Received a gift from Trog
 27151 | Lair:8   | HP: 5/111 [seven-headed hydra (2)]
 27151 | Lair:8   | Slain by a seven-headed hydra

Action                   |  1- 3 |  4- 6 |  7- 9 | 10-12 | 13-15 || total
-------------------------+-------+-------+-------+-------+-------++-------
Melee: Hand axe          |    42 |    68 |       |       |       ||   110
       Hammer            |       |    25 |       |       |       ||    25
       War axe           |       |    15 |    15 |       |       ||    30
       Battleaxe         |       |       |   311 |   457 |       ||   768
       Executioner's axe |       |       |       |    79 |    57 ||   136
 Fire: Crossbow          |       |       |     7 |   312 |    51 ||   370
Throw: Dart              |    87 |   145 |   337 |   184 |     6 ||   759
       Dagger            |     1 |       |       |       |       ||     1
       Stone             |       |       |    46 |    45 |       ||    91
       Hand axe          |       |       |     2 |       |       ||     2
Invok: Trog's Hand       |       |     1 |     1 |     7 |     2 ||    11
       Berserk           |       |     1 |       |       |       ||     1
       Brothers in Arms  |       |       |     1 |    11 |     2 ||    14
       Burn Spellbooks   |       |       |     2 |     2 |     1 ||     5
Evoke: Wand              |       |       |     3 |       |       ||     3
  Use: Scroll            |       |     9 |     5 |     8 |       ||    22
       Potion            |       |     3 |    15 |     6 |     2 ||    26
